 Dungeon Sprint DCSS version 0.30.1-3-gfc49f6343a (webtiles) character file.

Game seed: 14834524655068062807

1621 boopmooplesden the Cruncher (level 8, -30/68 HPs)
             Began as a Demonspawn Gladiator on July 28, 2023.
             Was a Believer of Trog.
             Annihilated by a boulder beetle (44 damage)
             ... in the Dungeon (Sprint IX: "|||||||||||||||||||||||||||||").
             The game lasted 00:01:55 (453 turns).

boopmooplesden the Cruncher (Demonspawn Gladiator)   Turns: 453, Time: 00:01:55

Health: -30/68     AC: 15    Str: 17    XL:     8   Next: 64%
Magic:  8/8        EV: 16    Int:  9    God:    Trog [**....]
Gold:   0          SH:  0    Dex: 15    Spells: 7/7 levels left

rFire   . . .        a - +0 quarterstaff
rCold   . . .        (shield currently unavailable)
rNeg    . . .        q - +1 chain mail
rPois   .            c - +0 helmet
rElec   .            o - +0 cloak
rCorr   .            (no gloves)
SInv    .            (no boots)
Will    ++...        (no amulet) Stlth
                     r - +2 ring of protection
HPRegen 1.31/turn    s - +2 ring of evasion
MPRegen 0.11/turn

%: no teleportation
@: strong-willed, on berserk cooldown, regenerating, slowed, very slow
A: hooves 1, repulsion field 2, ignite blood 2
a: Renounce Religion, Berserk, Trog's Hand


You were in the Dungeon.
You worshipped Trog.
Trog was pleased with you.
You visited 1 branch

Inventory:

Hand Weapons
 a - a +0 quarterstaff (weapon)
 n - a +0 lajatang
Missiles
 d - a throwing net (quivered)
 e - a javelin
Armour
 c - a +0 helmet (worn)
 o - a +0 cloak (worn)
 q - a +1 chain mail (worn)
Jewellery
 r - a +2 ring of protection (left hand)
 s - a +2 ring of evasion (right hand)
Wands
 m - a wand of light (10)
Scrolls
 k - a scroll of blinking
Potions
 f - 5 potions of curing
 g - a potion of invisibility
 i - 4 potions of magic
 j - a potion of berserk rage


   Skills:
 + Level 7.9 Fighting
 + Level 12.2 Staves
 + Level 4.5 Throwing
 + Level 6.0 Armour
 + Level 8.1 Dodging
 + Level 4.0 Stealth


You had 7 spell levels left.
You didn't know any spells.
Your spell library was empty.

Dungeon Overview and Level Annotations

Branches:
Dungeon (1/1)

Altars:
Cheibriados
Dithmenos
Fedhas
Gozag
Hepliaklqana
Kikubaaqudgha
Makhleb
Nemelex Xobeh
Okawaru
Qazlal
Ru
Sif Muna
Trog
Uskayaw
Vehumet
Wu Jian
Xom
Yredelemnul
Jiyva
Lugonu


Innate Abilities, Weirdness & Mutations

You have large cloven feet.
You are surrounded by a moderate repulsion field. (EV +3)
Your demonic aura often causes spilled blood to erupt in flames.


Message History

You hit the boulder beetle but do no damage.
You kick the boulder beetle, but do no damage.
The boulder beetle is heavily wounded.
The boulder beetle bites you!!
You hit the boulder beetle but do no damage.
The boulder beetle is heavily wounded.
The boulder beetle bites you!
* * * LOW HITPOINT WARNING * * *
You hit the boulder beetle but do no damage.
You kick the boulder beetle, but do no damage.
The boulder beetle is heavily wounded.
The boulder beetle leaps!
You feel much better. The efreet barely misses you.
Your skin crawls.
You feel strong-willed. The efreet barely misses you.
The centaur warrior is engulfed in blazing flames.
The efreet hits you with a +2 scimitar of flaming!
The efreet burns you.
The centaur warrior is engulfed in blazing flames.
You thump the efreet! You kick the efreet, but do no damage.
The efreet is moderately wounded.
The efreet hits you with a +2 scimitar of flaming.
The efreet burns you.
You hit the efreet. You kick the efreet, but do no damage.
The efreet is moderately wounded.
The boulder beetle leaps!
The efreet closely misses you.
You hit the efreet but do no damage.
The efreet is moderately wounded.
The boulder beetle curls into a ball and begins rolling!
The efreet hits you with a +2 scimitar of flaming!
* * * LOW HITPOINT WARNING * * *
The efreet burns you.
* * * LOW HITPOINT WARNING * * *
Blink to where?
Press: ? - help, Dir - move target
As you read the scroll of blinking, it crumbles to dust.
The boulder beetle hits you!!!
Ouch! That really hurt!
You die... ▓▓▓▓▓▓▓▓▓▓▓▓▓▓▓▓▓▓▓▓▓▓▓▓▓▓▓▓▓▓ +..gcR§'....B@'.[....)?.'_____ ▓▓▓▓▓▓▓▓▓▓▓▓▓▓▓▓▓▓▓▓▓▓▓▓▓▓▓▓▓▓

You could see a boulder beetle (rolling).

Vanquished Creatures
  A yaktaur (shapeshifter) (D)
  An unseen horror (D)
  A komodo dragon (D)
  A troll (D)
  2 yaks (D)
  A wyvern (D)
  A phantom (D)
  A gnoll sergeant (D)
  A scorpion (D)
  A hound (D)
  A shadow imp (D)
  A worm (D)
  An endoplasm (D)
  2 giant cockroaches (D)
  A ball python (D)
  A kobold (D)
18 creatures vanquished.

Notes
Turn   | Place    | Note
-------+----------+-------------------------------------------
     0 | D        | boopmooplesden the Demonspawn Gladiator began the quest for
                  | the Orb.
     0 | D        | Reached XP level 1. HP: 16/16 MP: 1/1
     9 | D        | Reached skill level 3 in Staves
    18 | D        | Noticed a phantom
    18 | D        | Noticed a hound
    18 | D        | Noticed a scorpion
    23 | D        | Gained mutation: Your demonic aura sometimes causes spilled
                  | blood to erupt in flames. [demonic ancestry]
    23 | D        | Reached XP level 2. HP: 18/22 MP: 2/2
    28 | D        | Reached skill level 4 in Staves
    33 | D        | Killed a scorpion
    34 | D        | Reached skill level 5 in Staves
    34 | D        | Reached skill level 5 in Dodging
    34 | D        | Gained mutation: You are surrounded by a mild repulsion
                  | field. (EV +2) [demonic ancestry]
    34 | D        | Reached XP level 3. HP: 8/29 MP: 3/3
    34 | D        | Gained mutation: You are surrounded by a moderate repulsion
                  | field. (EV +3) [demonic ancestry]
    34 | D        | Reached XP level 4. HP: 10/35 MP: 4/4
    38 | D        | Reached skill level 6 in Staves
    38 | D        | Reached skill level 1 in Armour
    57 | D        | Killed a phantom
    58 | D        | Reached skill level 7 in Staves
    58 | D        | Reached skill level 1 in Stealth
    58 | D        | Gained mutation: You have large cloven feet. [demonic
                  | ancestry]
    58 | D        | Reached XP level 5. HP: 26/42 MP: 5/5
    64 | D        | Found a snail-covered altar of Cheibriados.
    64 | D        | Found a shadowy altar of Dithmenos.
    64 | D        | Found a blossoming altar of Fedhas.
    64 | D        | Found an opulent altar of Gozag.
    65 | D        | Found a hazy altar of Hepliaklqana.
    66 | D        | Found a viscous altar of Jiyva.
    67 | D        | Found an ancient bone altar of Kikubaaqudgha.
    68 | D        | Found a corrupted altar of Lugonu.
    69 | D        | Found a burning altar of Makhleb.
    70 | D        | Found a sparkling altar of Nemelex Xobeh.
    71 | D        | Found an iron altar of Okawaru.
    72 | D        | Found a stormy altar of Qazlal.
    73 | D        | Found a sacrificial altar of Ru.
    74 | D        | Found a shimmering blue altar of Sif Muna.
    75 | D        | Found a bloodstained altar of Trog.
    76 | D        | Found a hide-covered altar of Uskayaw.
    77 | D        | Found a radiant altar of Vehumet.
    78 | D        | Found an ornate altar of the Wu Jian Council.
    79 | D        | Found a shimmering altar of Xom.
    80 | D        | Found a basalt altar of Yredelemnul.
    83 | D        | Became a worshipper of Trog the Wrathful
   132 | D        | Noticed a wyvern
   132 | D        | Noticed a yak
   132 | D        | Noticed a yak
   132 | D        | Noticed a troll
   139 | D        | Killed a troll
   140 | D        | Reached skill level 5 in Fighting
   140 | D        | Reached skill level 9 in Staves
   140 | D        | Gained mutation: Your demonic aura often causes spilled
                  | blood to erupt in flames. [demonic ancestry]
   140 | D        | Reached XP level 6. HP: 51/51 MP: 6/6
   170 | D        | Killed an unseen horror
   171 | D        | Reached skill level 10 in Staves
   171 | D        | Reached XP level 7. HP: 34/58 MP: 7/7
   182 | D        | Killed a yak
   182 | D        | Reached * piety under Trog
   188 | D        | Killed a yak
   194 | D        | Reached skill level 11 in Staves
   199 | D        | Killed a wyvern
   199 | D        | Reached ** piety under Trog
   200 | D        | Reached skill level 5 in Armour
   200 | D        | Reached XP level 8. HP: 32/67 MP: 8/8
   423 | D        | Noticed a boulder beetle
   423 | D        | Noticed a centaur warrior
   423 | D        | Noticed an efreet
   423 | D        | Noticed a yaktaur
   423 | D        | Noticed a komodo dragon
   429 | D        | Killed a komodo dragon
   433 | D        | Killed a yaktaur
   434 | D        | Reached skill level 12 in Staves
   453 | D        | Annihilated by a boulder beetle

Illustrated notes

Levels and vault maps discovered:
D:        linesprint [early_d, line_temple, items_1, d_10, items_2, lair_1,
          lair_end, items_3, orc_1, orc_end, items_4, d_15, swamp_1, shoals_1,
          snake_1, spider_1, d_20, vaults_1, items_5, swamp_end, shoals_end,
          snake_end, spider_end, vaults_end, d_27, items_6, zot_1, zot_end,
          crypt_end, forest_end, elf_end, slime_end, tomb_end, abyss_end,
          pan_hell_end]

Skill      XL: |  1  2  3  4  5  6  7  8 |
---------------+-------------------------+-----
Dodging        | 3 5 6 7 8 |  8.1
Staves         | 3 5 7 9 10 11 12 | 12.2
Throwing       | 2 3 4 |  4.5
Fighting       | 3 4 5 6 7 |  7.9
Armour         | 1 3 4 5 6 |  6.0
Stealth        | 1 2 3 4 |  4.0

Action                     |  1- 3 |  4- 6 |  7- 9 || total
---------------------------+-------+-------+-------++-------
  Melee: Quarterstaff      |    22 |    56 |    49 ||   127
         Kick              |       |    13 |    23 ||    36
  Throw: Throwing net      |     1 |     2 |     1 ||     4
 Invoke: Berserk           |       |       |     1 ||     1
         Trog's Hand       |       |       |     1 ||     1
    Use: Potion            |       |     2 |     2 ||     4
         Scroll            |       |       |     1 ||     1
   Stab: Held in net/web   |     1 |     1 |       ||     2
 Armour: Leather armour    |     2 |     3 |       ||     5
         Chain mail        |       |    28 |     7 ||    35
  Dodge: Dodged            |     6 |    25 |    15 ||    46
